 Dungeon Crawl Stone Soup version 0.18-a0-1121-gb454403 (webtiles) character file.

2841 Trivium the Carver (level 9, 0/109 HPs)
             Began as a Demonspawn Fighter on Jan 18, 2016.
             Was a Believer of Okawaru.
             Succumbed to an adder's poison
             ... on level 7 of the Dungeon.
             The game lasted 00:14:11 (8022 turns).

Trivium the Carver (Demonspawn Fighter)             Turns: 8022, Time: 00:14:11

Health: 0/109      AC: 24    Str: 20    XL:     9   Next: 46%
Magic:  13/13      EV:  2    Int: 11    God:    Okawaru [**....]
Gold:   249        SH: 13    Dex: 18    Spells: 0 memorised, 8 levels left

rFire  + . .     SeeInvis .     a - +0 long sword
rCold  + . .     Gourm    .     (armour currently unavailable)
rNeg   + + +     Faith    .     c - +0 shield
rPois  +         Spirit   .     (helmet currently unavailable)
rElec  +         Dismiss  .     (cloak currently unavailable)
rCorr  +         Reflect  .     (gloves currently unavailable)
SustAt .         Harm     .     (boots currently unavailable)
MR     .....     NoTele   +     (no amulet)
Stlth  +++++.....               m - ring of teleportation
                                g - ring of resist corrosion

@: agile, lethally poisoned (0 -> -1), tree-form, resistant, heroism, not
resistant to hostile enchantments, quite stealthy
A: rugged brown scales 1, clever 1, demonic guardian 1, mutation resistance 1,
rot immunity
a: Heroism, Renounce Religion


You were on level 7 of the Dungeon.
You worshipped Okawaru.
Okawaru was pleased with you.
You were very hungry.
You were a tree.
You visited 2 branches of the dungeon, and saw 8 of its levels.

You collected 249 gold pieces.

Inventory:

Hand Weapons
 a - a +0 long sword (weapon)
Armour
 b - a +0 scale mail
 c - a +0 shield (worn)
 d - a +0 leather armour of poison resistance
 n - a +0 pair of boots (melded)
 q - a +0 cloak (melded)
 s - a +0 chain mail
 E - the +0 leather armour of Muhih (melded) {Str+4}
   (You found it on level 6 of the Dungeon)

   It affects your strength (+4).
Jewellery
 g - a ring of resist corrosion (left branch)
 m - a ring of teleportation (right branch)
Wands
 B - a wand of disintegration (6/24)
Scrolls
 e - 4 scrolls of remove curse
 h - a scroll of recharging
 r - 3 scrolls of teleportation
 t - 2 scrolls of fear {unknown}
 u - a scroll of noise {unknown}
 x - 2 scrolls of enchant weapon {unknown}
 y - a scroll of enchant armour {unknown}
 C - a scroll of magic mapping {unknown}
 D - 4 scrolls of immolation {unknown}
Potions
 i - 2 potions of brilliance
 j - a potion of poison
Books
 k - the Handbook of Flamy Attacks
   (You found it on level 5 of the Dungeon)

   Spells                             Type                      Level
   a - Throw Flame                    Conjuration/Fire             2
   b - Mephitic Cloud                 Conjuration/Poison/Air       3
   c - Inner Flame                    Hexes/Fire                   3
   d - Sticky Flame                   Conjuration/Fire             4
   e - Bolt of Fire                   Conjuration/Fire             6
Comestibles
 f - 6 bread rations
 o - 5 fruits
 v - a slice of pizza
 z - a meat ration


   Skills:
 + Level 6.5(11.5) Fighting
 * Level 8.3(13.3) Long Blades
 + Level 6.0(11.0) Armour
 + Level 5.4(10.4) Dodging
 + Level 6.8(11.8) Shields
 * Level 6.4 Invocations


You had 8 spell levels left.
You didn't know any spells.

Dungeon Overview and Level Annotations

Branches:
Dungeon (7/15)             Temple (1/1) D:5

Altars:
Ashenzari
Dithmenos
Elyvilon
Fedhas
Gozag
Kikubaaqudgha
Makhleb
Nemelex Xobeh
Okawaru
Pakellas
Qazlal
Ru
Sif Muna
Trog
Vehumet
Xom
Yredelemnul

Annotations:
D:5 exclusion: oklob plant


Innate Abilities, Weirdness & Mutations

(You are partially covered in rugged brown scales (AC +1, +3% HP).)
A weak demonic guardian rushes to your aid.
You are immune to rotting.
Your mind is acute. (Int +2)
You are somewhat resistant to further mutation.


Message History

Okawaru accepts your kill.
* * * LOW HITPOINT WARNING * * *
You feel sick.
You cannot move.
You cannot move.
You cannot move.
You cannot move.
Unknown command.
Unknown command.
You cannot move.
Unknown command.
You cannot move.
Unknown command.
Drink which item? (? for menu, Esc to quit)
Okay, then.
There is a lethal amount of poison in your body!
There is a lethal amount of poison in your body!
* * * LOW HITPOINT WARNING * * *
You feel sick.
You die...

#### ... . ...
#)##. # #.##.##..
#....###.###### #
###..#........# #
#))#........# #
#.)#........# #
#........$†.#
######..........♣#
.......#.........#
....#####........#
....# ........#
....# ........#
....# #########
....# ....# ....#


There were no monsters in sight!

Vanquished Creatures
  A steam dragon (D:7)
  Menkaure (D:7)
  A sky beast (D:5)
  An orc warrior (D:7)
  An ice beast (D:7)
  2 ogres
  A centaur (D:7)
  A big kobold (D:6)
  Blork the orc (D:6)
  2 gnoll sergeants
  A scorpion (D:5)
  A water moccasin skeleton (D:6)
  A giant frog zombie (D:5)
  A crimson imp (D:5)
  3 hounds
  An orc priest (D:3)
  A jelly (D:7)
  A giant frog skeleton (D:4)
  3 gnoll shamans
  Crazy Yiuf (D:3)
  3 iguanas
  6 worker ants
  2 hound skeletons (D:4)
  10 gnolls
  10 adders
  A shadow imp (D:7)
  3 oozes
  An adder skeleton (D:4)
  3 worms
  6 giant geckos
  15 orcs
  3 ball pythons
  6 giant cockroaches
  5 goblins
  9 hobgoblins
  4 jackals (D:2)
  3 quokkas
  6 bats
  A giant gecko skeleton (D:3)
  7 giant newts
  12 kobolds
  11 rats
153 creatures vanquished.

Vanquished Creatures (collateral kills)
  The ghost of ater218 the Skirmisher, an amateur DrBe of Trog (D:3)
  An ogre (D:4)
  A giant frog (D:6)
  A hound skeleton (D:6)
  2 gnolls
  3 adders (D:3)
  4 orcs (D:3)
  2 giant cockroaches
  2 hobgoblins
  2 kobolds (D:7)
  A giant newt (D:3)
20 creatures vanquished.

Vanquished Creatures (others)
  An orc (D:6)
  A fungus (D:5)
  A plant (D:5)
3 creatures vanquished.

Grand Total: 176 creatures vanquished

Notes
Turn   | Place    | Note
--------------------------------------------------------------
     0 | D:1      | Trivium the Demonspawn Fighter began the quest for the Orb.
     0 | D:1      | Reached XP level 1. HP: 18/18 MP: 1/1
   296 | D:1      | Gained mutation: You are partially covered in rugged brown scales (AC +1, +3% HP). [demonic ancestry]
   296 | D:1      | Reached XP level 2. HP: 17/24 MP: 2/2
  1165 | D:2      | Reached XP level 3. HP: 29/29 MP: 3/3
  1371 | D:2      | Gained mutation: A weak demonic guardian rushes to your aid. [demonic ancestry]
  1371 | D:2      | Reached XP level 4. HP: 14/36 MP: 4/4
  2070 | D:3      | Noticed ater218's ghost (amateur DrBe)
  2089 | D:3      | Killed ater218's ghost
  2089 | D:3      | Reached skill level 1 in Dodging
  2089 | D:3      | Reached XP level 5. HP: 14/42 MP: 5/5
  2799 | D:3      | Reached skill level 4 in Shields
  2971 | D:3      | Found a faded altar to an unknown god.
  3370 | D:3      | Noticed Crazy Yiuf
  3378 | D:3      | Killed Crazy Yiuf
  3378 | D:3      | Reached XP level 6. HP: 31/49 MP: 6/6
  4527 | D:4      | Gained mutation: You are immune to rotting. [demonic ancestry]
  4527 | D:4      | Reached XP level 7. HP: 12/55 MP: 7/7
  4791 | D:4      | Found a deep blue altar of Sif Muna.
  5160 | D:5      | Entered Level 5 of the Dungeon
  5218 | D:5      | Found a burning altar of Makhleb.
  5345 | D:5      | Found a staircase to the Ecumenical Temple.
  5481 | Temple   | Entered the Ecumenical Temple
  5568 | Temple   | Became a worshipper of Warmaster Okawaru
  5584 | D:5      | Reached skill level 6 in Fighting
  5584 | D:5      | Reached skill level 7 in Long Blades
  5584 | D:5      | Reached skill level 5 in Armour
  5584 | D:5      | Reached skill level 5 in Invocations
  5584 | D:5      | Reached XP level 8. HP: 60/65 MP: 7/12
  5768 | D:5      | Reached skill level 5 in Dodging
  5909 | D:5      | Gained mutation: You are somewhat resistant to further mutation. [mutagenic meat]
  5939 | D:5      | Found a blossoming altar of Fedhas.
  6012 | D:5      | Noticed an oklob plant
  6262 | D:5      | Found a radiant altar of Vehumet.
  6401 | D:5      | Identified the Handbook of Flamy Attacks
  6799 | D:6      | Noticed Blork the orc
  6806 | D:6      | Killed Blork the orc
  6806 | D:6      | Reached skill level 8 in Long Blades
  6846 | D:6      | Found a white marble altar of Elyvilon.
  6975 | D:6      | Reached * piety under Okawaru
  7005 | D:6      | Reached XP level 9. HP: 73/73 MP: 13/13
  7013 | D:6      | Found a blossoming altar of Fedhas.
  7172 | D:6      | Got a transparent leather armour
  7183 | D:6      | Identified the +0 leather armour of Muhih {Str+4} (You found it on level 6 of the Dungeon)
  7190 | D:7      | Noticed Menkaure
  7447 | D:7      | Gained mutation: Your mind is acute. (Int +2) [potion of beneficial mutation]
  7450 | D:7      | Killed Menkaure
  7560 | D:7      | Reached ** piety under Okawaru
  7767 | D:7      | Found a burning altar of Makhleb.
  8011 | D:7      | HP: 3/73 [adder (5)]
  8013 | D:7      | HP: 1/73 [poisoned by an adder]
  8019 | D:7      | HP: 1/109 [poisoned by an adder]
  8022 | D:7      | Succumbed to an adder's poison

Vault maps used:
D:1:      roderic_crop_circles_arrival_large, wad_floor_pattern_2,
          roderic_curled_sauvastika
D:3:      kennysheep_big_flooded_room, ecumenical_altar_1, first_bread,
          uniq_crazy_yiuf_cottage
D:4:      lemuel_crystal_altar
D:5:      makhleb_heckhound_becter, nicolae_overflow_crystal_walls, temple_hall,
          tgw_fedhas
D:6:      elyvilon_altar_4, old_standard_altar, feat_on_display,
          uniq_blork_the_orc
D:7:      kennysheep_housing_project, cheibriados_altar_wand_db, basic_altar,
          uniq_menkaure
Temple:   circular_temple_12

Action                   |  1- 3 |  4- 6 |  7- 9 || total
-------------------------+-------+-------+-------++-------
Melee: Long sword        |   143 |   249 |   344 ||   736
Invok: Heroism           |       |       |     1 ||     1
  Use: Potion            |     1 |     1 |     8 ||    10
       Scroll            |       |       |     9 ||     9
  Eat: Chunk             |     1 |    10 |    11 ||    22
       Pizza             |       |     1 |       ||     1
